 Dungeon Crawl Stone Soup version 0.32-a0-86-g8db1b9f803 (webtiles) character file.

Game seed: 7720857280582834071

2307 Obelisk the Summoner (level 9, -11/52 HPs)
             Began as a Tengu Summoner on Feb 3, 2024.
             Was an Initiate of Vehumet.
             Killed by an exploding blazeheart core (63 damage)
             ... on level 9 of the Dungeon on Feb 5, 2024.
             The game lasted 00:26:47 (9718 turns).

Obelisk the Summoner (Tengu Summoner)               Turns: 9718, Time: 00:26:48

Health: -11/52     AC: 13    Str:  9    XL:     9   Next: 41%
Magic:  4/17       EV: 33    Int: 19    God:    Vehumet [......]
Gold:   562        SH:  0    Dex: 15    Spells: 4/17 levels left

rFire   x x .        (no weapon)
rCold   x x .        (no shield)
rNeg    . . .        a - +0 robe
rPois   +            (helmet restricted)
rElec   .            (no cloak)
rCorr   .            i - +2 pair of gloves
SInv    .            (boots unavailable)
Will    .....        q - amulet of Elemental Vulnerability {rPois rF-- rC-- AC+8}
Stlth   ++           g - ring of wizardry {wiz+}
HPRegen 0.28/turn    w - ring of wizardry {wiz+}
MPRegen 0.15/turn

%: acrobat, wizardry (x2)
@: acrobatic, flying, inugami summoned
A: beak, talons 3, evasive flight, acrobatic
a: Renounce Religion


You were on level 9 of the Dungeon.
You worshipped Vehumet.
Vehumet was noncommittal.
You visited 2 branches of the dungeon, and saw 10 of its levels.

You collected 562 gold pieces.

Inventory:

Hand Weapons
 c - the +6 Majin-Bo {spellvamp, MP+6 Int+6}
   (You acquired it on level 1 of the Dungeon)

   Int+6:     It affects your intelligence (+6).
   MP+6:      It affects your magic capacity (+6).
Armour
 a - a +0 robe (worn)
 i - a +2 pair of gloves (worn)
   (You found it on level 4 of the Dungeon)
Jewellery
 g - a ring of wizardry (left hand) {wiz+}
   (You found it on level 1 of the Dungeon)
 q - the amulet of Elemental Vulnerability (around neck) {rPois rF-- rC-- AC+8}
   (You found it on level 5 of the Dungeon)

   [amulet of nothing]

   AC+8:      It affects your AC (+8).
   rF--:      It makes you very vulnerable to fire.
   rC--:      It makes you very vulnerable to cold.
   rPois:     It protects you from poison
 w - a ring of wizardry (right hand) {wiz+}
   (You found it on level 5 of the Dungeon)
Wands
 o - a wand of iceblast (3)
   (You found it on level 8 of the Dungeon)
Scrolls
 b - a scroll of fog
 y - 4 scrolls of teleportation {!r!d, @r3}
Potions
 d - a potion of attraction {!q}
 e - a potion of invisibility
 f - 3 potions of curing {@q1, !d}
 h - a potion of might
 j - a potion of berserk rage {unknown}
 l - 3 potions of degeneration {!q}
 m - 3 potions of haste
 n - a potion of cancellation
 p - a potion of mutation {!q}
 u - a potion of ambrosia
 v - a potion of brilliance {unknown}
 x - a potion of enlightenment


   Skills:
 + Level 4.6 Fighting
 + Level 5.5 Dodging
 - Level 2.0 Stealth
 + Level 4.7 Spellcasting
 + Level 4.2 Conjurations
 * Level 8.5 Summonings
 * Level 5.1 Fire Magic
 + Level 4.1 Air Magic


You had 4 spell levels left.
You knew the following spells:

 Your Spells              Type           Power      Damage    Failure   Level
a - Summon Small Mammal   Summ           100%       N/A       1%          1
b - Call Imp              Summ           74%        N/A       1%          2
c - Summon Ice Beast      Ice/Summ       20%        N/A       1%          3
z - Call Canine Familiar  Summ           37%        N/A       1%          3
Z - Summon Blazeheart Go  Fire/Summ      30%        N/A       2%          4

Your spell library contained the following spells:

 Spells                   Type           Power      Damage    Failure   Level
 Foxfire                  Conj/Fire      88%        2x1d8     1%          1
 Sting                    Conj/Alch      48%        1d6       1%          1
 Mercury Vapours          Alch/Air       24%        N/A       2%          2
 Summon Lightning Spire   Summ/Air       28%        N/A       2%          4
 Volatile Blastmotes      Fire/Tloc      28%        2d12      3%          3
 Hailstorm                Conj/Ice       12%        3d6       4%          3
 Tukima's Dance           Hex            4%         N/A       11%         3
 Brom's Barrelling Bould  Conj/Erth      12%        2d4       14%         4
 Fulminant Prism          Conj/Alch      6%         3d7       14%         4
 Iskenderun's Mystic Bla  Conj/Tloc      12%        2d5       14%         4
 Dimensional Bullseye     Hex/Tloc       2%         N/A       30%         4
 Olgreb's Toxic Radiance  Alch           4%         N/A       30%         4
 Fireball                 Conj/Fire      11%        3d7       13%         5
 Iskenderun's Battlesphe  Conj           20%        2d7       16%         5
 Starburst                Conj/Fire      11%        6d5       54%         6
 Plasma Beam              Fire/Air       11%        2x1d22    56%         6
 Conjure Ball Lightning   Conj/Air       10%        3x3d6     63%         6
 Sculpt Simulacrum        Ice/Alch       2%         N/A       98%         6
 Orb of Destruction       Conj           10%        9d6       98%         7
 Ozocubu's Refrigeration  Ice            2%         4d7       100%        7
 Discord                  Hex            2%         N/A       100%        8


Dungeon Overview and Level Annotations

Branches:
Dungeon (9/15) Zot: 26875  Temple (1/1) D:6 Zot: 5921    Lair (0/5) D:8
    Orc: D:9-12

Altars:
Ashenzari
Cheibriados
Dithmenos
Elyvilon
Fedhas
Gozag
Hepliaklqana
Kikubaaqudgha
Makhleb
Nemelex Xobeh
Okawaru
Qazlal
Ru
Sif Muna
Trog
Vehumet
Xom
Yredelemnul
Zin
The Shining One

Shops:
D:4 (   D:5 =   D:8 [

Annotations:
D:4 1 runed translucent door, pokeman's ghost, amateur DEHW
D:9 Grum


Innate Abilities, Weirdness & Mutations

You have a beak for a mouth.
You have claws for feet.
Your magical flight helps you evade attacks. (EV +4)
You can magically evade attacks while moving or waiting.


Message History

You regained 26 hp, and now have 43/52 hp.
Casting: Summon Ice Beast (safe; 1% risk of failure)
A fiery spirit appears, bound in slag iron.
The sixfirhy misses you. x2
The killer bee closely misses your inugami.
Something barely misses your inugami. The sixfirhy misses you.
Your inugami misses the killer bee.
Your ice beast hits the sixfirhy.
Your ice beast freezes the sixfirhy!
The killer bee barely misses your inugami.
You now have 5/17 mp.
The sixfirhy hits you but does no damage.
The sixfirhy hits you. The sixfirhy shocks you!
The killer bee stings your inugami but does no damage.
The sixfirhy completely misses you. Something hits your inugami.
Something completely misses your inugami.
The killer bee stings your inugami but does no damage.
The sixfirhy closely misses you.
Your inugami barely misses the killer bee.
You take 11 damage, and have 32/52 hp.
MASSIVE DAMAGE!!
Your surroundings suddenly seem different.
You start resting.
Your familiar recovers from its injuries.
You regained 9 hp, and now have 41/52 hp.
You regained 5 mp, and now have 10/17 mp.
You start resting.
Health restored: 52; MP restored: 17
Okay, then.
There is a stone staircase leading down here.
You see here a +0 leather armour.
Okay, then.
There is a stone staircase leading down here.
You fly downwards.
There is a stone staircase leading up here.
The wolf howls! x2; You hear an angry growl.
Grum the Hunter comes into view.
He is wielding a +1 halberd.
You now have 14/17 mp.
Unknown command.
The wolf bites you but does no damage. The wolf barely misses you.
You fly upwards.
Your summoned ally is left behind.
There is a stone staircase leading down here.
You start resting.
MP restored: 17 You reach down and open the door.
There is an open door here.
There is an open door here.
There is a stone staircase leading down here.
You fly downwards.
Level annotation: Grum
Found a stone staircase leading down.
There is a stone staircase leading up here.
No target in view!
A gnoll comes into view. It is wielding a +0 flail.
The gnoll shouts!
You hear an angry buzzing noise. x2; You hear a shout!
A gnoll comes into view. It is wielding a +0 halberd.
You now have 14/17 mp.
Casting: Summon Ice Beast (safe; 1% risk of failure)
You miscast Summon Blazeheart Golem.
You are very lightly contaminated with residual magic.
Nothing appears to happen.
The gnoll shouts!
You hear a shout! x2; You hear a loud, deep croak!
You hear a shout!
You now have 10/17 mp.
Casting: Summon Blazeheart Golem (dangerous; 2% risk of failure)
A fiery spirit appears, bound in slag iron.
A bullfrog comes into view.
A gnoll comes into view. It is wielding a +0 whip.
You now have 6/17 mp.
Casting: Summon Blazeheart Golem (dangerous; 2% risk of failure)
You call for your canine familiar and it appears with a howl!
Your ice beast hits the bullfrog.
Your ice beast freezes the bullfrog!
The bullfrog seems to slow down.
You now have 3/17 mp.
The bullfrog hits your ice beast.
Your ice beast hits the bullfrog.
Your ice beast freezes the bullfrog.
The bullfrog seems to slow down.
The bullfrog hits your ice beast but does no damage.
Your ice beast misses the bullfrog.
Your blazeheart golem punches the bullfrog.
The bullfrog dies!
Vehumet accepts your kill.
Your ice beast hits the gnoll.
Your ice beast freezes the gnoll!
The gnoll barely misses your blazeheart golem.
Your blazeheart golem punches the gnoll!!
The gnoll dies!
Vehumet accepts your kill.
Your inugami hits the gnoll. The gnoll misses you.
Your blazeheart golem punches the gnoll but does no damage.
Your blazeheart golem falls apart, revealing its core!
Your ice beast barely misses the gnoll.
Your inugami barely misses the gnoll.
Your magical contamination has completely faded away.
The fiery explosion engulfs the gnoll!!!
You kill the gnoll!
Vehumet accepts your kill.
The fiery explosion engulfs your ice beast!!!
Your ice beast melts!
You kill your ice beast!
Your ice beast disappears in a puff of smoke!
The fiery explosion engulfs you!!! The fire burns you terribly!
Ouch! That really hurt!
You die...

######## #......#
#......# #......#
#......### ..##........##
#########
#.....§......####........
#.h§☼@.#..............
###☼#######..#..>...<. #.
#######.######### g.
................. #g#
#######.######### #. #.##
#g #..###### #. ##......#
######.#


You could see a friendly inugami (summoned).

Vanquished Creatures
  A wight (D:7)
  A gnoll (D:9)
  An endoplasm (D:2)
  2 quokkas (D:1 D:2)
  A rat (D:2)
6 creatures vanquished.

Vanquished Creatures (collateral kills)
  A wyvern (D:8)
  A sky beast (D:6)
  An orc warrior (D:8)
  An ice beast (D:7)
  2 phantoms (D:7 D:8)
  A kobold brigand (D:7)
  5 bullfrogs (D:6 D:7 D:8 D:9)
  A gnoll sergeant (D:7)
  3 scorpions (D:6 D:7)
  2 wights (D:7)
  3 bombardier beetles (D:4)
  3 hounds (D:5 D:6)
  A jelly (D:6)
  10 iguanas (D:4 D:6 D:8)
  5 orc wizards (D:5 D:6 D:8)
  Robin (D:2)
  10 gnolls (D:6 D:7 D:9)
  9 adders (D:2 D:3 D:4 D:5 D:6)
  2 shadow imps (D:7)
  A white imp (D:6)
  2 ufetubi (D:7)
  4 dart slugs (D:1 D:3 D:4)
  A ribbon worm (D:4)
  12 orcs (D:3 D:4 D:5 D:6 D:8)
  8 ball pythons (D:1 D:2 D:3 D:4)
  8 endoplasms (D:1 D:2 D:3 D:4)
  2 giant cockroaches (D:1)
  20 goblins (D:1 D:2 D:3 D:4)
  8 hobgoblins (D:1 D:2 D:3 D:4)
  6 quokkas (D:1 D:2)
  6 bats (D:1 D:2 D:3)
  2 frilled lizards (D:1 D:3)
  8 kobolds (D:1 D:2 D:3 D:4 D:7)
  6 rats (D:1 D:2 D:3)
156 creatures vanquished.

Vanquished Creatures (others)
  2 blazeheart cores (D:7 D:9)
2 creatures vanquished.

Grand Total: 164 creatures vanquished

Notes
Turn   | Place    | Note
-------+----------+-------------------------------------------
     0 | D:1      | Obelisk the Tengu Summoner began the quest for the Orb.
     0 | D:1      | Reached XP level 1. HP: 10/10 MP: 4/4
    54 | D:1      | Identified a scroll of acquirement
    54 | D:1      | Acquired the +6 Majin-Bo {spellvamp, MP+6 Int+6}
    54 | D:1      | Found the +6 Majin-Bo {spellvamp, MP+6 Int+6}
    66 | D:1      | HP: 3/10 [quokka (5)]
    72 | D:1      | HP: 3/10 [quokka (1)]
    75 | D:1      | TheSexyCheese: ded
    76 | D:1      | TheSexyCheese: nvm
    76 | D:1      | Obelisk: oh lordie
    76 | D:1      | Obelisk: I was going to freak out if I died w/ majinbo
    76 | D:1      | TheSexyCheese: i died in my run
    76 | D:1      | Obelisk: I have played like 20 runs today lol
    76 | D:1      | Obelisk: some mage
    76 | D:1      | Obelisk: some not
    76 | D:1      | TheSexyCheese: it was almost perfect too
    76 | D:1      | Obelisk: some fking random
    76 | D:1      | Obelisk: damn
    76 | D:1      | Obelisk: to what?
   144 | D:1      | TheSexyCheese: vaults 5
   144 | D:1      | TheSexyCheese: got constr and couldnt escape
   144 | D:1      | TheSexyCheese: totally my fault
   144 | D:1      | Obelisk: ripp
   149 | D:1      | TheSexyCheese: but it happens
   149 | D:1      | Obelisk: yo
   149 | D:1      | Obelisk: would summons work w/ spell vamp?
   177 | D:1      | TheSexyCheese: wdym
   179 | D:1      | Obelisk: majin bo
   179 | D:1      | Obelisk: has spell vamp
   179 | D:1      | Obelisk: does that mean my summons gimmie hp?
   234 | D:1      | Reached XP level 2. HP: 15/16 MP: 6/6
   288 | D:1      | Reached skill level 5 in Summonings
   302 | D:1      | TheSexyCheese: doesnt appear so
   312 | D:1      | TheSexyCheese: but not sure
   316 | D:1      | Obelisk: k
   316 | D:1      | Obelisk: also
   316 | D:1      | Obelisk: I made it to lair 1
   316 | D:1      | Obelisk: with draconian
   316 | D:1      | Obelisk: con
   316 | D:1      | TheSexyCheese: nice
   316 | D:1      | Obelisk: conj
   339 | D:1      | TheSexyCheese: i might try a drac again
   350 | D:1      | Obelisk: drac fun
   350 | D:1      | Obelisk: especially w/ conj
   371 | D:1      | TheSexyCheese: yea that seems to be most popular
   371 | D:1      | TheSexyCheese: drac conj
   374 | D:1      | Learned a level 2 spell: Call Imp
   383 | D:1      | Reached skill level 1 in Fighting
   405 | D:1      | Obelisk: wtf does my imp have a -2 spear
   440 | D:1      | Obelisk: tf
   513 | D:1      | Reached XP level 3. HP: 16/20 MP: 7/7
   519 | D:1      | Learned a level 3 spell: Call Canine Familiar
   805 | D:2      | TheSexyCheese: i gtg but ill prolly be on later, hopefully
                  | to get another godly run
   817 | D:2      | TheSexyCheese: last nights was incredible
   817 | D:2      | Obelisk: lol
   817 | D:2      | TheSexyCheese: got all the level 9 spells
   817 | D:2      | Obelisk: nice
   817 | D:2      | TheSexyCheese: anyways cya and gl
   817 | D:2      | Obelisk: seeya
   817 | D:2      | Obelisk: bi
   817 | D:2      | Obelisk: bai
   979 | D:2      | Reached skill level 3 in Dodging
   979 | D:2      | Reached XP level 4. HP: 25/25 MP: 8/8
  1088 | D:2      | Noticed Robin
  1104 | D:2      | HP: 12/25 [poisoned by a goblin]
  1200 | D:2      | Killed Robin
  1206 | D:2      | HP: 13/26 [goblin/+0 dagger[Robin] (1)]
  2305 | D:3      | Reached skill level 2 in Fighting
  2305 | D:3      | Reached XP level 5. HP: 30/30 MP: 10/10
  2446 | D:3      | Found a stormy altar of Qazlal.
  2522 | D:3      | Reached skill level 3 in Spellcasting
  2858 | D:3      | Found an iron altar of Okawaru.
  3174 | D:3      | Upgraded the game from 0.32-a0-43-g058985b245 to
                  | 0.32-a0-86-g8db1b9f803
  3256 | D:4      | Found a shimmering altar of Xom.
  3456 | D:4      | Reached skill level 6 in Summonings
  3456 | D:4      | Reached XP level 6. HP: 36/36 MP: 8/11
  3978 | D:4      | Found a snail-covered altar of Cheibriados.
  3991 | D:4      | Reached skill level 4 in Dodging
  4108 | D:4      | Found Yliav's Weapon Boutique.
  4386 | D:4      | Reached skill level 3 in Fighting
  4432 | D:4      | Found a runed translucent door.
  4435 | D:4      | Noticed pokeman's ghost (amateur DEHW)
  4464 | D:4      | Learned a level 4 spell: Summon Blazeheart Golem
  4518 | D:5      | Entered Level 5 of the Dungeon
  4531 | D:5      | Found the amulet of Elemental Vulnerability {rPois rF--
                  | rC-- AC+8}
  4868 | D:5      | Found Foalud's Jewellery Boutique.
  5078 | D:5      | Gained mutation: Your magical flight helps you evade
                  | attacks. (EV +4) [Tengu growth]
  5078 | D:5      | Reached XP level 7. HP: 41/41 MP: 13/13
  5377 | D:6      | Found an opulent altar of Gozag.
  5418 | D:6      | Reached skill level 1 in Fire Magic
  5503 | D:6      | Reached skill level 1 in Conjurations
  5518 | D:6      | Reached skill level 1 in Air Magic
  5568 | D:6      | Found a staircase to the Ecumenical Temple.
  5598 | Temple   | Entered the Ecumenical Temple
  5737 | D:6      | Reached skill level 2 in Fire Magic
  5823 | D:6      | Reached skill level 4 in Spellcasting
  5823 | D:6      | Reached skill level 2 in Conjurations
  5823 | D:6      | Reached skill level 7 in Summonings
  5828 | D:6      | Reached skill level 2 in Air Magic
  5828 | D:6      | Reached XP level 8. HP: 46/47 MP: 14/15
  6209 | D:6      | Identified the +3 robe of the Blacksmith {-Tele Rampage
                  | rF+++ Dex+3}
  6505 | D:6      | Reached skill level 3 in Fire Magic
  6570 | D:6      | Found a radiant altar of Vehumet.
  6722 | D:6      | Became a worshipper of Vehumet
  7357 | D:7      | Learned a level 3 spell: Summon Ice Beast
  7480 | D:7      | Reached skill level 3 in Conjurations
  7553 | D:7      | Reached skill level 4 in Fighting
  7553 | D:7      | Reached skill level 5 in Dodging
  7567 | D:7      | HP: 15/48 [spore (33)]
  7568 | D:7      | Reached skill level 3 in Air Magic
  7580 | D:7      | Reached skill level 4 in Fire Magic
  7639 | D:7      | Found a sparkling altar of Nemelex Xobeh.
  7641 | D:7      | Found a hazy altar of Hepliaklqana.
  7642 | D:7      | Found an ancient bone altar of Kikubaaqudgha.
  7976 | D:7      | Reached skill level 8 in Summonings
  7976 | D:7      | Reached XP level 9. HP: 34/52 MP: 6/16
  8584 | D:8      | Found a staircase to the Lair.
  8588 | D:8      | Found a bloodstained altar of Trog.
  9095 | D:8      | Reached skill level 4 in Conjurations
  9202 | D:8      | Found Pyckuu's Antique Armour Emporium.
  9295 | D:8      | Found a shadowy altar of Dithmenos.
  9308 | D:8      | Reached skill level 4 in Air Magic
  9479 | D:8      | Noticed a kobold demonologist
  9489 | D:8      | Noticed a sixfirhy
  9492 | D:8      | Reached skill level 5 in Fire Magic
  9497 | D:8      | HP: 17/52 [sixfirhy[a kobold demonologist] (12)]
  9595 | D:9      | Noticed Grum
  9718 | D:9      | Killed by an exploding blazeheart core

Illustrated notes

Levels and vault maps discovered:
D:1:      ebering_trefoil_twist, layout_rooms
D:2:      wander_river, layout_loops_cross, minmay_randomly_rotated_circles,
          uniq_robin
D:3:      layout_basic, okawaru_trees_2, nicolae_qazlal_general_emergency
D:4:      layout_basic, slow_altar_2, lemuel_tele_altar, serial_shops,
          nicolae_shop_bloodbath_and_beyond, hellmonk_ghost_happy_afterlife
D:5:      layout_gridville, minmay_shop_enchanted_jewellery
D:6:      layout_cave_pools, mainiacjoe_overflow_surrounded_room,
          lemuel_coloured_pillars_altar, minmay_temple_entry_grid
D:7:      layout_basic, minitemple, minmay_misc_feat_roman
D:8:      layout_basic, grunt_dithmenos_shadows, trog_butcher_becter,
          lair_entry_dummy, serial_shops, shop, minmay_manual_mail
D:9:      layout_rooms, uniq_joseph, uniq_maggie, uniq_grum
Temple:   grunt_temple_mini_profane

Skill      XL: |  1  2  3  4  5  6  7  8  9 |
---------------+----------------------------+-----
Summonings     | 5 6 7 8 |  8.5
Fighting       | 1 2 3 4 |  4.6
Dodging        | 3 4 5 |  5.5
Spellcasting   | 3 4 |  4.7
Fire Magic     | 2 4 5 |  5.1
Conjurations   | 2 3 4 |  4.2
Air Magic      | 2 3 4 |  4.1
Stealth        | |  2.0

Action                     |  1- 3 |  4- 6 |  7- 9 || total
---------------------------+-------+-------+-------++-------
  Melee: Bo                |     3 |     8 |       ||    11
         Unarmed           |     2 |       |       ||     2
         Kick              |       |     2 |       ||     2
   Cast: Summon Small Mamm |    25 |       |       ||    25
         Call Imp          |     6 |    27 |    12 ||    45
         Call Canine Famil |     4 |    40 |    30 ||    74
         Summon Blazeheart |       |       |    22 ||    22
         Summon Ice Beast  |       |       |    24 ||    24
    Use: Scroll            |     3 |    11 |     8 ||    22
         Potion            |       |     1 |     4 ||     5
 Armour: Robe              |    11 |    26 |    26 ||    63
  Dodge: Dodged            |    37 |    88 |   129 ||   254
  Block: Other             |     3 |    17 |       ||    20

Table legend: (Time is in decaauts)
 A = Elapsed time spent in this place.
 B = Non-inter-level travel time spent in this place.
 C = Inter-level travel time spent in this place.
 D = Time resting spent in this place.
 E = Time spent auto-exploring this place.
 F = Levels seen in this place.
 G = Mean time per level.
                   A        B        C        D        E       F      G
               +--------+--------+--------+--------+--------+-----+--------+
         Total |   9750 |   9488 |    262 |   1119 |   6312 |  10 |  975.0 |
       Dungeon |   9672 |   9438 |    234 |   1119 |   6312 |   9 | 1074.7 |
        Temple |     78 |     50 |     28 |      0 |      0 |   1 |   78.0 |
               +--------+--------+--------+--------+--------+-----+--------+

Top non-repeatable levels by time:
     D:6: 1804 daAuts
     D:2: 1499 daAuts
     D:4: 1344 daAuts
     D:7: 1343 daAuts
     D:8: 1078 daAuts
     D:3: 956 daAuts
     D:5: 835 daAuts
     D:1: 752 daAuts
  Temple: 78 daAuts
     D:9: 57 daAuts

Levels and vault maps discovered:
D:1:      ebering_trefoil_twist, layout_rooms
D:2:      wander_river, layout_loops_cross, minmay_randomly_rotated_circles,
          uniq_robin
D:3:      layout_basic, okawaru_trees_2, nicolae_qazlal_general_emergency
D:4:      layout_basic, slow_altar_2, lemuel_tele_altar, serial_shops,
          nicolae_shop_bloodbath_and_beyond, hellmonk_ghost_happy_afterlife
D:5:      layout_gridville, minmay_shop_enchanted_jewellery
D:6:      layout_cave_pools, mainiacjoe_overflow_surrounded_room,
          lemuel_coloured_pillars_altar, minmay_temple_entry_grid
D:7:      layout_basic, minitemple, minmay_misc_feat_roman
D:8:      layout_basic, grunt_dithmenos_shadows, trog_butcher_becter,
          lair_entry_dummy, serial_shops, shop, minmay_manual_mail
D:9:      layout_rooms, uniq_joseph, uniq_maggie, uniq_grum
Temple:   grunt_temple_mini_profane

Table legend: (Time is in decaauts)
 A = Elapsed time spent in this place.
 B = Non-inter-level travel time spent in this place.
 C = Inter-level travel time spent in this place.
 D = Time resting spent in this place.
 E = Time spent auto-exploring this place.
 F = Levels seen in this place.
 G = Mean time per level.
                   A        B        C        D        E       F      G
               +--------+--------+--------+--------+--------+-----+--------+
         Total |   9750 |   9488 |    262 |   1119 |   6312 |  10 |  975.0 |
       Dungeon |   9672 |   9438 |    234 |   1119 |   6312 |   9 | 1074.7 |
        Temple |     78 |     50 |     28 |      0 |      0 |   1 |   78.0 |
               +--------+--------+--------+--------+--------+-----+--------+

Top non-repeatable levels by time:
     D:6: 1804 daAuts
     D:2: 1499 daAuts
     D:4: 1344 daAuts
     D:7: 1343 daAuts
     D:8: 1078 daAuts
     D:3: 956 daAuts
     D:5: 835 daAuts
     D:1: 752 daAuts
  Temple: 78 daAuts
     D:9: 57 daAuts

Table legend:
 A = Kills in this place as a percentage of kills in the entire game.
 B = Kills by you in this place as a percentage of kills by you in the entire game.
 C = Kills by friends in this place as a percentage of kills by friends in the entire game.
 D = Other kills in this place as a percentage of other kills in the entire game.
 E = Experience gained in this place as a percentage of experience gained in the entire game.
 F = Experience gained in this place divided by the number of levels of this place that you have seen.
                   A       B       C       D       E      F
               +-------+-------+-------+-------+-------+----------------------
         Total | 100.0 | 100.0 | 100.0 |   N/A | 100.0 | 331.1
       Dungeon | 100.0 | 100.0 | 100.0 |   N/A | 100.0 | 367.9
               +-------+-------+-------+-------+-------+----------------------
